Map: [ESL] Solaris

Players

Dark - Winner!

  • Race: Zerg Zerg
  • Spawn Location: 1:00

SHIN

  • Race: Zerg Zerg
  • Spawn Location: 7:00

Event: IEM Katowice 2024

VOD

Have the link to the VOD?

Description

Time

  • Played on: Feb. 11, 2024, 6:39 a.m.
  • Length: 5:48

All games in this series

Show
View Real Time Build Order
Export as new Build Order

Dark Zerg - Winner!

Build Orders: Hatch First 

Get SALT Encoding   

  12  0:00  Drone  
  13  0:09  Drone  
  14  0:14  Extractor  
  14  0:15  Drone  
  15  0:37  Hatchery  
  14  0:43  Extractor, Drone  
  14  0:48  Overlord  
  15  1:03  Spawning Pool  
  14  1:06  Drone  
  14  1:09  Drone  
  16  1:14  Drone  
  17  1:19  Drone  
  18  1:28  Extractor  
  18  1:30  Drone  
  18  1:41  Drone  
  19  1:50  Queen x2  
  19  1:51  Drone  
  19  1:52  Drone  
  25  2:01  Overlord  
  25  2:03  Drone  
  26  2:11  Drone  
  26  2:13  Drone  
  28  2:26  Queen x2  
  32  2:31  Overlord  
  32  2:35  Drone x2  
  32  2:36  Drone  
  35  2:46  Drone  
  36  2:54  Drone  
  36  2:55  Drone  
  38  2:58  Drone x2  
  38  2:59  Overlord  
  38  3:00  Drone x3  
  38  3:01  Drone  
  44  3:09  Evolution Chamber  
  44  3:11  Lair  
  43  3:18  Drone, Roach Warren  
  43  3:24  Evolution Chamber  
  42  3:27  Zergling x6  
  42  3:30  Evolution Chamber  
  42  3:33  Evolution Chamber  
  43  3:37  Evolution Chamber  
  43  3:39  Evolution Chamber  
  43  3:40  Zergling x2  
  42  3:42  Zergling x2  
  42  3:43  Zergling x2  
  42  3:45  Zergling x2  
  42  3:48  Zergling x2  
  46  3:49  Zergling x2  
  46  3:51  Zergling x2  
  46  3:53  Zergling x2  
  46  3:55  Zergling x2  
  48  3:59  Roach  
  48  4:01  Roach  
  52  4:14  Extractor  
  52  4:15  Overlord  
  51  4:19  Roach Warren  
  51  4:21  Drone  
  51  4:22  Drone  
  52  4:31  Overlord  
  52  4:34  Overseer  
  52  4:35  Drone  
  52  4:36  Drone x2  
  55  4:40  Extractor  
  55  4:44  Drone x2, Overlord  
  56  4:45  Overlord  
  56  5:01  Roach  
  56  5:02  Drone, Roach x2  
  56  5:03  Drone  
  64  5:11  Evolution Chamber  
  64  5:13  Evolution Chamber  
  62  5:16  Roach, Evolution Chamber  
  62  5:19  Roach  
  65  5:22  Roach  
  65  5:26  Roach  
  67  5:29  Roach  
Show
View Real Time Build Order
Export as new Build Order

SHIN Zerg 

Build Orders: Hatch First 

Get SALT Encoding   

  12  0:00  Drone  
  13  0:08  Drone  
  13  0:14  Extractor, Drone  
  15  0:36  Hatchery  
  15  0:42  Extractor, Drone  
  14  0:47  Overlord  
  15  0:56  Extractor  
  14  1:04  Spawning Pool  
  14  1:08  Drone  
  14  1:11  Drone  
  14  1:15  Drone  
  16  1:19  Drone  
  17  1:30  Drone  
  18  1:40  Drone  
  19  1:50  Queen x2  
  19  1:54  Drone  
  24  1:59  Metabolic Boost  
  24  2:06  Zergling x2  
  25  2:10  Overlord  
  25  2:18  Zergling x6  
  28  2:26  Overlord  
  28  2:30  Zergling x2  
  28  2:31  Zergling x2  
  28  2:35  Zergling x2  
  31  2:42  Zergling x2  
  32  2:47  Zergling x2  
  33  2:53  Zergling x2  
  33  2:55  Overlord  
  34  2:58  Zergling x12  
  40  3:06  Overlord  
  40  3:09  Zergling x2  
  41  3:17  Zergling x2  
  41  3:19  Zergling x2  
  43  3:26  Zergling x2  
  44  3:31  Zergling x12  
  44  3:33  Zergling x2  
  50  3:40  Zergling x2  
  49  3:43  Zergling x2  
  46  3:51  Drone  
  46  3:54  Zergling x2  
  45  4:01  Drone  
  44  4:05  Drone  
  44  4:06  Drone x3  
  44  4:09  Drone x3  
  50  4:16  Overlord  
  50  4:17  Extractor  
  49  4:18  Baneling Nest  
  49  4:23  Zergling x2  
  49  4:25  Overlord  
  49  4:37  Zergling x12  
  55  4:40  Zergling x2  
  55  4:45  Zergling x2  
  57  4:49  Zergling x2  
  57  4:52  Zergling x2  
  59  5:03  Baneling x7  
  59  5:05  Zergling x4  
  59  5:06  Baneling  
  61  5:08  Zergling x4  
  61  5:11  Zergling x2  
  61  5:12  Zergling x2  
  65  5:15  Zergling x2  
  65  5:16  Baneling x2  
  65  5:20  Zergling x4  
  63  5:30  Zergling x6  

Tags
 
Add a new tag
Caveats
  • Supply blocks, unpowered buildings, or Contaminate may cause inaccurate times.
  • Supply counts are checked every 10 seconds.